 Dungeon Crawl Stone Soup version 0.30.1-4-g462c640d31 (webtiles) character file.

Game seed: 16933252883438146838

8514 Bobit the Nimble (level 11, -8/84 HPs)
             Began as a Gnoll Wanderer on Aug 11, 2023.
             Was an Elder of Dithmenos.
             Killed from afar by an acid dragon (23 damage)
             ... with a splash of acid
             ... on level 10 of the Dungeon.
             The game lasted 00:43:25 (10991 turns).

Bobit the Nimble (Gnoll Wanderer)                  Turns: 10991, Time: 00:43:26

Health: -8/84      AC:  2    Str: 10    XL:     11   Next: 32%
Magic:  6/6        EV: 16    Int: 12    God:    Dithmenos [****..]
Gold:   721        SH:  8    Dex: 16    Spells: 13/22 levels left

rFire   + + +        J - +5 rapier of the Enchanted Forest {antimagic, rElec rF+++ Int+3 Dex-4}
rCold   . . .        I - +2 buckler {AC+3}
rNeg    . . .        n - +0 leather armour
rPois   +            K - +2 helmet {SInv}
rElec   +            (no cloak)
rCorr   .            (no gloves)
SInv    +            (no boots)
Will    .....        L - amulet of regeneration
Stlth   ++++++       k - ring of poison resistance
HPRegen 1.14/turn    r - ring of protection from fire
MPRegen 0.10/turn

%: no passive effects
@: about to teleport, corroded, wreathed by umbra
A: fangs 1, strong nose, distributed training
a: Renounce Religion, Shadow Step


You were on level 10 of the Dungeon.
You worshipped Dithmenos.
Dithmenos was greatly pleased with you.
You visited 2 branches of the dungeon, and saw 11 of its levels.

You collected 973 gold pieces.
You spent 252 gold pieces at shops.

Inventory:

Hand Weapons
 a - a +2 dagger
 c - a +0 quarterstaff
 e - a +3 club
 y - a +2 flail of draining
 H - a +1 flail of holy wrath
 J - the +5 rapier of the Enchanted Forest (weapon) {antimagic, rElec rF+++ Int+3 Dex-4}
   (You took it off an orc warrior on level 5 of the Dungeon)

   Int:       It affects your intelligence (+3).
   Dex:       It affects your dexterity (-4).
   rF:        It renders you almost immune to fire.
   rElec:     It insulates you from electricity.
 N - the +0 dagger of Zevuwom {venom, SInv Stlth+}
   (You found it on level 6 of the Dungeon)

   SInv:      It lets you see invisible.
   Stlth:     It makes you more stealthy.
Missiles
 O - a throwing net (quivered)
Armour
 d - a +0 helmet
 f - a +0 robe
 n - a +0 leather armour (worn)
 I - a +2 buckler of protection (worn)
 K - a +2 helmet of see invisible (worn)
Magical Staves
 x - a staff of fire
Jewellery
 k - a ring of poison resistance (left hand)
 l - a ring of protection from fire
 r - a ring of protection from fire (right hand)
 u - an amulet of guardian spirit
 L - an amulet of regeneration (around neck)
 P - a +6 ring of intelligence
 X - a ring of fire
Wands
 v - a wand of quicksilver (5)
 C - a wand of mindburst (17)
 G - a wand of digging (4)
 U - a wand of paralysis (7)
Scrolls
 b - a scroll of blinking
 h - 10 scrolls of teleportation
 j - 2 scrolls of summoning {unknown}
 p - 12 scrolls of identify
 s - 2 scrolls of fear {unknown}
 t - 2 scrolls of fog {unknown}
 A - 2 scrolls of brand weapon {unknown}
 B - 3 scrolls of immolation {unknown}
 E - 4 scrolls of noise {unknown}
 F - a scroll of vulnerability
 Q - a scroll of magic mapping {unknown}
 R - 3 scrolls of poison {unknown}
 S - a scroll of amnesia {unknown}
 T - a scroll of torment {unknown}
 V - a scroll of enchant weapon {unknown}
 W - a scroll of acquirement {unknown}
Potions
 g - 2 potions of might
 i - 2 potions of mutation
 m - 3 potions of brilliance
 o - 2 potions of flight {unknown}
 q - 2 potions of magic
 w - a potion of haste {unknown}
 z - a potion of heal wounds
 D - 2 potions of degeneration {unknown}
 M - a potion of attraction {unknown}
 Y - 2 potions of curing


   Skills:
 + Level 7.0 Fighting
 + Level 6.4 Short Blades
 + Level 6.4 Long Blades
 + Level 6.4 Axes
 + Level 6.4 Maces & Flails
 + Level 6.4 Polearms
 + Level 7.0 Staves
 + Level 6.4 Ranged Weapons
 + Level 6.4 Throwing
 + Level 7.0 Armour
 + Level 9.2 Dodging
 + Level 8.9 Stealth
 + Level 6.4 Shields
 + Level 6.4 Unarmed Combat
 + Level 6.4 Spellcasting
 + Level 5.3 Conjurations
 + Level 5.3 Hexes
 + Level 5.3 Summonings
 + Level 5.3 Necromancy
 + Level 5.3 Translocations
 + Level 5.3 Transmutations
 + Level 5.3 Fire Magic
 + Level 5.3 Ice Magic
 + Level 5.3 Air Magic
 + Level 5.3 Earth Magic
 + Level 5.3 Poison Magic
 + Level 7.5 Invocations
 + Level 6.4 Evocations


You had 13 spell levels left.
You knew the following spells:

 Your Spells              Type           Power      Damage    Failure   Level
a - Call Canine Familiar  Summ           16%        N/A       11%         3
b - Ozocubu's Armour      Ice            16%        N/A       11%         3
c - Tukima's Dance        Hex            16%        N/A       11%         3

Your spell library contained the following spells:

 Spells                   Type           Power      Damage    Failure   Level
 Inner Flame              Hex/Fire       16%        N/A       11%         3
 Portal Projectile        Hex/Tloc       32%        N/A       11%         3
 Leda's Liquefaction      Hex/Erth       8%         N/A       34%         4
 Passage of Golubria      Tloc           16%        N/A       34%         4
 Blade Hands              Tmut           8%         N/A       67%         5
 Irradiate                Conj/Tmut      8%         3d14      67%         5
 Yara's Violent Unravell  Hex/Tmut       8%         3d5       67%         5
 Dragon Form              Tmut           8%         N/A       100%        7
 Enfeeble                 Hex            8%         N/A       100%        7
 Ozocubu's Refrigeration  Ice            8%         4d9       100%        7


Dungeon Overview and Level Annotations

Branches:
Dungeon (10/15)            Temple (1/1) D:4
   Lair: D:8-11         Orc: D:9-12

Altars:
Ashenzari
Cheibriados
Dithmenos
Elyvilon
Fedhas
Gozag
Hepliaklqana
Kikubaaqudgha
Nemelex Xobeh
Okawaru
Qazlal
Ru
Sif Muna
Trog
Uskayaw
Vehumet
Xom
Yredelemnul
Zin
The Shining One

Shops:
D:4 ?!

Annotations:
D:3 2 transporters, jujuben's ghost, amateur TeSu


Innate Abilities, Weirdness & Mutations

You have very sharp teeth.
Your uncanny sense of smell can sniff out nearby items.
Your experience applies equally to all skills.


Message History

The basilisk closely misses you.
You have turned to stone.
The acid dragon bites you but does no damage.
The acid dragon completely misses you. The basilisk bites you.
The acid dragon bites you.
The acid dragon claws you but does no damage.
The basilisk bites you. The acid dragon bites you. The acid dragon claws you.
A basilisk comes into view.
The basilisk bites you but does no damage.
The acid dragon barely misses you.
The acid dragon claws you but does no damage.
The basilisk bites you! The basilisk gazes at you.
The basilisk's magic is no longer disrupted.
The acid dragon spits acid at you. The splash of acid hits you!!
The acid corrodes you! The basilisk gazes at you. You resist with some effort.
The basilisk bites you! The acid dragon bites you! The acid dragon claws you.
The basilisk bites you!! The basilisk gazes at you. The acid dragon bites you!
* * * LOW HITPOINT WARNING * * *
The acid dragon claws you.
* * * LOW HITPOINT WARNING * * *
The basilisk gazes at you. The acid dragon bites you!
* * * LOW HITPOINT WARNING * * *
The acid dragon completely misses you. The basilisk bites you!
* * * LOW HITPOINT WARNING * * *
You turn to flesh and can move again.
As you read the scroll of teleportation, it crumbles to dust.
You feel strangely unstable. The acid dragon bites you.
* * * LOW HITPOINT WARNING * * *
The acid dragon claws you.
* * * LOW HITPOINT WARNING * * *
The basilisk barely misses you.
You feel better. The acid dragon spits acid at you.
The splash of acid hits you!!
You die...

# ##. ∆ ...### ## ..#...#
##. ...l...##.# #
.!........####### ###
......Dl........# ####.. ∆
#..@....†...###.....
###.#.###.......†.##
#.##..##########.# ########
################ #......#
#...........####
###......###...........#.##
##.....##.##................
#.........#.................
##.....##.................<.


You could see 2 basilisks and an acid dragon (catching breath).

Vanquished Creatures
  Sonja (D:10)
  2 kobold demonologists (D:9)
  A troll (D:10)
  A shadow (D:9)
  5 wyverns
  A wraith (D:9)
  A basilisk (D:10)
  2 steam dragons
  2 acid dragons
  A water moccasin (D:8)
  4 orc warriors
  4 ice beasts
  A black bear (D:8)
  4 ogres (D:6)
  2 wolves (D:10)
  A centaur (D:6)
  A phantom (D:6)
  5 kobold brigands
  7 bullfrogs
  A gnoll sergeant (D:6)
  3 scorpions
  19 wights
  5 killer bees (D:9)
  A jelly (D:5)
  A nameless horror (D:6)
  3 howler monkeys
  A bullfrog zombie (D:5)
  A hound (D:6)
  4 orc priests
  A gnoll bouda (D:8)
  Jessica (D:3)
  3 sleepcaps
  Natasha (twice) (D:3)
  A scorpion zombie (D:5)
  7 iguanas
  15 orc wizards
  A killer bee zombie (D:5)
  2 hound zombies (D:5)
  12 adders
  7 gnolls
  2 shadow imps (D:6)
  2 white imps (D:5)
  An ufetubus (D:5)
  4 worms
  36 orcs
  4 bats
  5 endoplasms
  4 giant cockroaches
  13 goblins
  5 hobgoblins
  6 jackals
  4 quokkas
  7 ball pythons
  A frilled lizard (D:2)
  22 kobolds
  5 rats
258 creatures vanquished.

Vanquished Creatures (collateral kills)
  Grum (D:10)
  A phantom (D:6)
  A white imp (D:6)
  An ufetubus (D:6)
4 creatures vanquished.

Grand Total: 262 creatures vanquished

Notes
Turn   | Place    | Note
-------+----------+-------------------------------------------
     0 | D:1      | Bobit the Gnoll Wanderer began the quest for the Orb.
     0 | D:1      | Bobit set off with the following items: a +2 dagger, a
                  | scroll of blinking, a +0 quarterstaff, a +0 helmet, a
                  | potion of lignification, a +0 robe.
     0 | D:1      | Reached XP level 1. HP: 17/17 MP: 2/2
   199 | D:1      | Reached XP level 2. HP: 23/23 MP: 3/3
   993 | D:2      | Found a shimmering blue altar of Sif Muna.
  1013 | D:2      | Reached XP level 3. HP: 28/28 MP: 4/4
  1055 | D:2      | Reached skill level 1 in Short Blades
  1055 | D:2      | Reached skill level 1 in Long Blades
  1055 | D:2      | Reached skill level 1 in Axes
  1055 | D:2      | Reached skill level 1 in Maces & Flails
  1055 | D:2      | Reached skill level 1 in Polearms
  1055 | D:2      | Reached skill level 1 in Ranged Weapons
  1055 | D:2      | Reached skill level 1 in Throwing
  1055 | D:2      | Reached skill level 1 in Shields
  1055 | D:2      | Reached skill level 1 in Unarmed Combat
  1055 | D:2      | Reached skill level 1 in Spellcasting
  1055 | D:2      | Reached skill level 1 in Evocations
  1093 | D:2      | Reached XP level 4. HP: 17/34 MP: 6/6
  1686 | D:3      | Found a transporter.
  1694 | D:3      | Noticed jujuben's ghost (amateur TeSu)
  1698 | D:3      | Noticed Natasha
  1728 | D:3      | Killed Natasha
  1729 | D:3      | Reached skill level 1 in Conjurations
  1729 | D:3      | Reached skill level 1 in Hexes
  1729 | D:3      | Reached skill level 1 in Summonings
  1729 | D:3      | Reached skill level 1 in Necromancy
  1729 | D:3      | Reached skill level 1 in Translocations
  1729 | D:3      | Reached skill level 1 in Transmutations
  1729 | D:3      | Reached skill level 1 in Fire Magic
  1729 | D:3      | Reached skill level 1 in Ice Magic
  1729 | D:3      | Reached skill level 1 in Air Magic
  1729 | D:3      | Reached skill level 1 in Earth Magic
  1729 | D:3      | Reached skill level 1 in Poison Magic
  1801 | D:3      | Noticed Jessica
  1847 | D:3      | Killed Jessica
  1848 | D:3      | Reached XP level 5. HP: 35/40 MP: 7/7
  2079 | D:3      | Noticed Natasha
  2117 | D:3      | Found a transporter.
  2262 | D:3      | Killed Natasha
  2956 | D:4      | Found Besudaz's Magic Scroll Shop.
  2967 | D:4      | Bought a scroll of identify for 26 gold pieces
  2967 | D:4      | Bought a scroll of identify for 26 gold pieces
  2967 | D:4      | Bought a scroll of identify for 26 gold pieces
  2967 | D:4      | Bought a scroll of identify for 26 gold pieces
  3014 | D:4      | Found a staircase to the Ecumenical Temple.
  3028 | Temple   | Entered the Ecumenical Temple
  3070 | Temple   | Became a worshipper of Dithmenos the Shadowed
  3213 | D:4      | Reached XP level 6. HP: 47/47 MP: 8/8
  3218 | D:4      | Found Yschovown's Distillery.
  3225 | D:4      | Bought a potion of heal wounds for 60 gold pieces
  3338 | D:4      | You fall into a shaft and drop 2 floors!
  3366 | D:5      | Entered Level 5 of the Dungeon
  3433 | D:5      | Found a bloodstained altar of Trog.
  3616 | D:4      | Noticed an orc warrior
  3749 | D:5      | Noticed an orc warrior
  4203 | D:5      | Reached skill level 7 in Dodging
  4203 | D:5      | Reached XP level 7. HP: 50/52 MP: 10/10
  4210 | D:5      | Reached * piety under Dithmenos
  4825 | D:5      | Identified the +5 rapier of the Enchanted Forest
                  | {antimagic, rElec rF+++ Int+3 Dex-4}
  5128 | D:4      | Bought a scroll of vulnerability for 52 gold pieces
  5160 | D:4      | Bought a potion of curing for 36 gold pieces
  5353 | D:5      | Found a basalt altar of Yredelemnul.
  5368 | D:5      | Reached XP level 8. HP: 52/60 MP: 9/12
  6752 | D:6      | Identified the +0 dagger of Zevuwom {venom, SInv Stlth+}
  6996 | D:6      | Learned a level 3 spell: Call Canine Familiar
  7000 | D:6      | Learned a level 3 spell: Ozocubu's Armour
  7004 | D:6      | Learned a level 3 spell: Tukima's Dance
  7071 | D:6      | Reached skill level 5 in Invocations
  7084 | D:6      | Reached ** piety under Dithmenos
  7085 | D:6      | Reached XP level 9. HP: 66/66 MP: 4/14
  7188 | D:6      | Reached skill level 5 in Fighting
  7188 | D:6      | Reached skill level 5 in Staves
  7188 | D:6      | Reached skill level 5 in Armour
  7215 | D:6      | Identified the +2 robe of Lust {rPois rCorr Str+6 Stlth+}
  7291 | D:6      | Reached skill level 8 in Dodging
  7728 | D:7      | Reached skill level 5 in Short Blades
  7728 | D:7      | Reached skill level 5 in Long Blades
  7728 | D:7      | Reached skill level 5 in Axes
  7728 | D:7      | Reached skill level 5 in Maces & Flails
  7728 | D:7      | Reached skill level 5 in Polearms
  7728 | D:7      | Reached skill level 5 in Ranged Weapons
  7728 | D:7      | Reached skill level 5 in Throwing
  7728 | D:7      | Reached skill level 5 in Shields
  7728 | D:7      | Reached skill level 5 in Unarmed Combat
  7728 | D:7      | Reached skill level 5 in Spellcasting
  7728 | D:7      | Reached skill level 5 in Evocations
  7728 | D:7      | Reached XP level 10. HP: 64/76 MP: 5/17
  7873 | D:7      | Identified the +4 chain mail of the Living God {*Slow rCorr
                  | Str+2 Int+5}
  8295 | D:8      | Reached *** piety under Dithmenos
  8397 | D:8      | Found a large runed translucent door.
  8397 | D:8      | Found a large runed translucent door.
  9147 | D:8      | Found a stormy altar of Qazlal.
  9162 | D:8      | Found a white marble altar of Elyvilon.
  9221 | D:9      | Noticed a kobold demonologist
  9357 | D:9      | Noticed a kobold demonologist
  9681 | D:9      | Killed a kobold demonologist
  9891 | D:9      | Killed a kobold demonologist
 10040 | D:9      | Reached skill level 9 in Dodging
 10135 | D:9      | Reached skill level 5 in Conjurations
 10135 | D:9      | Reached skill level 5 in Hexes
 10135 | D:9      | Reached skill level 5 in Summonings
 10135 | D:9      | Reached skill level 5 in Necromancy
 10135 | D:9      | Reached skill level 5 in Translocations
 10135 | D:9      | Reached skill level 5 in Transmutations
 10135 | D:9      | Reached skill level 5 in Fire Magic
 10135 | D:9      | Reached skill level 5 in Ice Magic
 10135 | D:9      | Reached skill level 5 in Air Magic
 10135 | D:9      | Reached skill level 5 in Earth Magic
 10135 | D:9      | Reached skill level 5 in Poison Magic
 10135 | D:9      | Reached XP level 11. HP: 45/83 MP: 6/20
 10367 | D:10     | Entered Level 10 of the Dungeon
 10549 | D:10     | Noticed Grum
 10566 | D:10     | Noticed Sonja
 10594 | D:10     | Killed Grum
 10626 | D:10     | Killed Sonja
 10684 | D:10     | Reached **** piety under Dithmenos
 10991 | D:10     | Killed from afar by an acid dragon

Illustrated notes

Levels and vault maps discovered:
D:1:      ncdulo_halloftheorcs, layout_loops_corners, minmay_misc_feat_tiny
D:2:      layout_basic, basic_altar
D:3:      layout_basic, gammafunk_ghost_stat_death, wad_floor_pattern_2,
          uniq_natasha, uniq_jessica
D:4:      minmay_clustersquares, layout_rooms, minmay_temple_entry_ruins,
          serial_shops, nicolae_stop_n_shop_2, kennysheep_little_box
D:5:      kennysheep_six_static_rooms, layout_basic, general_overflow_altar,
          nicolae_yredelemnul_corpse_copse
D:6:      minmay_polygon_palace, layout_basic, gup_sewer_entry_bowl
D:7:      layout_loops_ring
D:8:      layout_basic, jmf_multi_god_temple2, minmay_fractal_squares_gapless_5
D:9:      layout_irregular_city
D:10:     layout_cave_pools, erik_lair_dragon, uniq_grum, uniq_sonja
Temple:   dpeg_three_leaves_temple

Skill      XL: |  1  2  3  4  5  6  7  8  9 10 11 |
---------------+----------------------------------+-----
Stealth        | 6 7 8 |  8.9
Short Blades   | 1 2 3 5 6 |  6.4
Long Blades    | 1 2 3 5 6 |  6.4
Axes           | 1 2 3 5 6 |  6.4
Maces & Flails | 1 2 3 5 6 |  6.4
Polearms       | 1 2 3 5 6 |  6.4
Ranged Weapons | 1 2 3 5 6 |  6.4
Throwing       | 1 2 3 5 6 |  6.4
Shields        | 1 2 3 5 6 |  6.4
Unarmed Combat | 1 2 3 5 6 |  6.4
Spellcasting   | 1 2 3 5 6 |  6.4
Evocations     | 1 2 3 5 6 |  6.4
Conjurations   | 1 2 3 4 5 |  5.3
Hexes          | 1 2 3 4 5 |  5.3
Summonings     | 1 2 3 4 5 |  5.3
Necromancy     | 1 2 3 4 5 |  5.3
Translocations | 1 2 3 4 5 |  5.3
Transmutations | 1 2 3 4 5 |  5.3
Fire Magic     | 1 2 3 4 5 |  5.3
Ice Magic      | 1 2 3 4 5 |  5.3
Air Magic      | 1 2 3 4 5 |  5.3
Earth Magic    | 1 2 3 4 5 |  5.3
Poison Magic   | 1 2 3 4 5 |  5.3
Invocations    | 3 4 5 6 7 |  7.5
Fighting       | 3 4 5 6 7 |  7.0
Staves         | 3 4 5 6 7 |  7.0
Armour         | 3 4 5 6 7 |  7.0
Dodging        | 7 8 9 |  9.2

Action                     |  1- 3 |  4- 6 |  7- 9 | 10-12 || total
---------------------------+-------+-------+-------+-------++-------
  Melee: Dagger            |    96 |    95 |       |       ||   191
         Bite              |     9 |    20 |    44 |    50 ||   123
         Punch             |       |     2 |     1 |       ||     3
         Club              |       |    56 |       |       ||    56
         Staff             |       |    39 |       |       ||    39
         Flail             |       |    59 |   128 |    10 ||   197
         Rapier            |       |       |   285 |   418 ||   703
   Cast: Call Canine Famil |       |       |     3 |     4 ||     7
         Tukima's Dance    |       |       |       |     5 ||     5
  Evoke: Wand              |       |       |       |     1 ||     1
    Use: Potion            |       |     3 |     3 |    11 ||    17
         Scroll            |       |     4 |     1 |     2 ||     7
   Stab: Sleeping          |    11 |    12 |    14 |     8 ||    45
         Distracted        |       |       |     1 |     1 ||     2
 Armour: Robe              |     4 |       |       |       ||     4
         Leather armour    |    21 |    50 |    82 |   116 ||   269
         Skin              |       |     7 |       |    57 ||    64
  Dodge: Dodged            |    82 |   188 |   317 |   440 ||  1027
  Block: Buckler           |       |       |   114 |   238 ||   352
